 Dungeon Crawl Stone Soup version 0.32-a0-675-gdc239d62e1 (webtiles) character file.

Game seed: 10039363290364766189

2881 pokeman the Thaumaturge (level 9, -14/51 HPs)
             Began as a Deep Elf Hedge Wizard on Mar 12, 2024.
             Demolished by a boulder beetle (27 damage)
             ... on level 6 of the Dungeon.
             The game lasted 00:17:21 (8197 turns).

pokeman the Thaumaturge (Deep Elf Hedge Wizard)     Turns: 8197, Time: 00:17:22

Health: -14/51     AC:  0    Str:  7    XL:     9   Next: 48%
Magic:  21/26      EV: 13    Int: 24    God:
Gold:   172        SH:  0    Dex: 14    Spells: 20/31 levels left

rFire   . . .        k - +1 dagger (venom)
rCold   . . .        (no shield)
rNeg    . . .        b - +0 robe
rPois   .            a - +0 helmet
rElec   .            (no cloak)
rCorr   .            (no gloves)
SInv    .            f - +0 pair of boots
Will    .....        l - amulet of magic regeneration
Stlth   ++           (no ring)
HPRegen 0.28/turn    (no ring)
MPRegen 0.60/turn

%: no passive effects
@: corroded, on blink cooldown
A: no striking features
a: no special abilities


You were on level 6 of the Dungeon.
You visited 2 branches of the dungeon, and saw 7 of its levels.
You also visited: Sewer.

You collected 262 gold pieces.
You spent 90 gold pieces at shops.

Inventory:

Hand Weapons
 k - a +1 dagger of venom (weapon)
Missiles
 t - 5 curare-tipped darts
Armour
 a - a +0 helmet (worn)
 b - a +0 robe (worn)
 f - a +0 pair of boots (worn)
 i - a scarf of shadows
Jewellery
 l - an amulet of magic regeneration (around neck)
 q - an amulet of faith
Wands
 u - a wand of charming (6)
Scrolls
 g - 5 scrolls of identify {unknown}
 j - a scroll of enchant weapon {unknown}
 m - 2 scrolls of fear {unknown}
 p - 2 scrolls of immolation {unknown}
 s - 2 scrolls of noise {unknown}
 v - a scroll of fog {unknown}
 y - 2 scrolls of teleportation
 B - a scroll of revelation {unknown}
 C - a scroll of enchant armour {unknown}
Potions
 c - 2 potions of enlightenment {unknown}
 d - 2 potions of magic
 e - 2 potions of haste {unknown}
 h - a potion of degeneration {unknown}
 n - 2 potions of brilliance {unknown}
 o - 4 potions of heal wounds {unknown}
 r - a potion of might {unknown}
 w - a potion of curing {unknown}
 x - a potion of lignification {unknown}
 z - a potion of invisibility {unknown}
 A - a potion of cancellation {unknown}


   Skills:
 + Level 3.2 Fighting
 - Level 3.0 Armour
 - Level 3.0 Dodging
 - Level 3.0 Stealth
 * Level 11.7 Spellcasting
 + Level 6.4 Conjurations
 - Level 1.1 Summonings
 - Level 1.1 Translocations
 + Level 5.6 Ice Magic
 - Level 1.1 Air Magic
 - Level 1.0 Alchemy


You had 20 spell levels left.
You knew the following spells:

 Your Spells              Type           Power      Damage    Failure   Level
a - Magic Dart            Conj           100%       1d8       1%          1
b - Mephitic Cloud        Conj/Alch/Air  27%        N/A       4%          3
c - Call Imp              Summ           38%        N/A       4%          2
d - Blink                 Tloc           38%        N/A       4%          2
e - Hailstorm             Conj/Ice       43%        3d9       1%          3

Your spell library contained the following spells:

 Spells                   Type           Power      Damage    Failure   Level
 Shock                    Conj/Air       100%       1d9       1%          1
 Summon Ice Beast         Ice/Summ       30%        N/A       3%          3
 Slow                     Hex            56%        N/A       4%          1
 Cigotuvi's Dreadful Rot  Necr/Alch/Air  34%        N/A       4%          2
 Swiftness                Air            19%        N/A       9%          3
 Airstrike                Air            9%         2d(2-18)  28%         4
 Sculpt Simulacrum        Ice/Alch       14%        N/A       87%         6


Dungeon Overview and Level Annotations

Branches:
Dungeon (6/15)             Temple (1/1) D:4           Sewer (visited)

Altars:
Ashenzari
Elyvilon
Fedhas
Gozag
Kikubaaqudgha
Makhleb
Nemelex Xobeh
Qazlal
Sif Muna
Trog
Uskayaw
Wu Jian
Xom
Yredelemnul
Zin
The Shining One

Shops:
D:4 *   D:6 ?


Message History

The brown ugly thing is engulfed in noxious fumes.
The brown ugly thing tail-slaps you but does no damage.
You closely miss the brown ugly thing.
The brown ugly thing is lightly wounded.
The brown ugly thing is engulfed in noxious fumes.
The brown ugly thing tail-slaps you! The acid corrodes you!
You are splashed with acid!
The adder bites itself.
Unknown command.
Casting: Mephitic Cloud (dangerous; 4% risk of failure)
Confirm with . or Enter, or press ? or * to list all spells.
You blink.
The kobold brigand shouts!
The boulder beetle bites you.
The brown ugly thing is engulfed in noxious fumes.
Your magical contamination has completely faded away.
Casting: Blink (safe; 4% risk of failure)
Confirm with . or Enter, or press ? or * to list all spells.
Aiming: Mephitic Cloud (dangerous; 4% risk of failure)
Press: ? - help, Shift-Dir - straight line, f - brown ugly thing
Aim: a brown ugly thing (chance to affect: 43%)
The ball explodes into a vile cloud!
The stinking cloud engulfs the brown ugly thing.
The stinking cloud engulfs you.
You are engulfed in noxious fumes.
You choke on the stench!
You are confused.
The brown ugly thing is engulfed in noxious fumes.
The brown ugly thing appears confused.
The brown ugly thing tail-slaps you!
You are splashed with acid.
* * * LOW HITPOINT WARNING * * *
Unknown command.
You feel less confused.
The brown ugly thing is engulfed in noxious fumes.
The brown ugly thing appears confused.
Casting: Mephitic Cloud (dangerous; 4% risk of failure)
Confirm with . or Enter, or press ? or * to list all spells.
You are still too unstable to blink.
The boulder beetle seems less confused.
The adder is engulfed in noxious fumes.
The adder appears confused.
The boulder beetle bites you!!
Ouch! That really hurt!
You die...

#### ###.## #####....#
##################### ##....#....
....#..)..#.....#$:(# #.......##.
....#...†.#.....#.}.# #......####
.#..#..#..#..#..# S$# ###........
.#..#..#).#..#..###○# ###......
.#.....#.....#.B@§S°########.....
.#.....#.....#...u§.##...........
.####################.........#..
............................##...
........†.................÷.##...
.####################..........##
.#.....#...hK# #...........#
)#.....#...o.# #..........##
.#.)#..#..#..# #............


You could see a boulder beetle (very poisoned), a brown ugly thing (confused), a
kobold brigand, a hound, an adder (confused) and an orc (wandering).

Vanquished Creatures
  Sigmund (D:6)
  Menkaure (D:6)
  A water moccasin (D:6)
  An orc warrior (D:6)
  2 sky beasts (D:6)
  An ice beast (D:6)
  2 ogres
  Blork the orc (D:4)
  4 phantoms
  A brain worm (Sewer)
  3 kobold brigands (Sewer)
  A bullfrog (D:6)
  A gnoll sergeant (D:6)
  2 scorpions
  A wight (D:6)
  2 howler monkeys
  A human zombie (D:4)
  A bullfrog skeleton (D:4)
  A hound (D:6)
  2 bombardier beetles
  An orc priest (D:5)
  3 jellies
  A gnoll bouda (D:5)
  4 iguanas (D:5)
  Terence (D:3)
  An orc wizard (D:5)
  2 hound zombies (D:4)
  A hound skeleton (D:4)
  Robin (D:2)
  11 gnolls
  11 adders
  2 river rats (Sewer)
  4 shadow imps
  2 white imps
  4 ufetubi
  An adder zombie (D:4)
  6 ribbon worms
  8 orcs
  10 bats
  6 endoplasms
  5 giant cockroaches
  16 goblins
  15 hobgoblins
  3 quokkas
  7 ball pythons
  2 frilled lizards
  10 kobolds
  15 rats
183 creatures vanquished.

Vanquished Creatures (collateral kills)
  2 gnolls (D:3)
  A goblin (D:2)
3 creatures vanquished.

Grand Total: 186 creatures vanquished

Notes
Turn   | Place    | Note
-------+----------+-------------------------------------------
     0 | D:1      | pokeman the Deep Elf Hedge Wizard began the quest for the
                  | Orb.
     0 | D:1      | Reached XP level 1. HP: 10/10 MP: 7/7
   295 | D:1      | Found a faded altar of an unknown god.
   406 | D:1      | Reached XP level 2. HP: 16/16 MP: 6/9
  1248 | D:2      | Reached skill level 5 in Spellcasting
  1494 | D:2      | Reached XP level 3. HP: 20/20 MP: 9/11
  1498 | D:2      | Learned a level 3 spell: Mephitic Cloud
  1501 | D:2      | Learned a level 2 spell: Call Imp
  1504 | D:2      | Learned a level 2 spell: Blink
  1578 | D:2      | Noticed Robin
  1618 | D:2      | Killed Robin
  1726 | D:2      | Reached skill level 1 in Fighting
  1729 | D:2      | Reached skill level 1 in Armour
  2473 | D:3      | Reached XP level 4. HP: 25/25 MP: 6/13
  2522 | D:3      | Noticed Terence
  2542 | D:3      | Killed Terence
  2752 | D:3      | Reached XP level 5. HP: 29/29 MP: 11/15
  2763 | D:3      | Reached skill level 6 in Spellcasting
  2981 | D:3      | Reached skill level 1 in Air Magic
  2982 | D:3      | Reached skill level 1 in Alchemy
  3107 | D:3      | Learned a level 3 spell: Hailstorm
  3405 | D:4      | Noticed Blork the orc
  3428 | D:4      | Killed Blork the orc
  3429 | D:4      | Reached skill level 1 in Ice Magic
  3429 | D:4      | Reached XP level 6. HP: 26/34 MP: 15/17
  3620 | D:4      | Found a staircase to the Ecumenical Temple.
  3629 | Temple   | Entered the Ecumenical Temple
  3681 | D:4      | Found Catokite's General Store.
  3815 | D:4      | Reached skill level 7 in Spellcasting
  3936 | D:4      | Found an ancient bone altar of Kikubaaqudgha.
  4111 | D:4      | Reached XP level 7. HP: 39/39 MP: 18/20
  4500 | D:4      | Reached skill level 8 in Spellcasting
  4601 | D:5      | Entered Level 5 of the Dungeon
  5076 | D:5      | Found a stormy altar of Qazlal.
  5109 | D:5      | Reached skill level 9 in Spellcasting
  5109 | D:5      | Reached XP level 8. HP: 32/44 MP: 17/23
  5204 | D:5      | Found a hide-covered altar of Uskayaw.
  6050 | D:5      | Found a glowing golden altar of the Shining One.
  6110 | D:6      | Reached skill level 5 in Conjurations
  6123 | D:6      | Noticed Menkaure
  6137 | D:6      | Killed Menkaure
  6138 | D:6      | Reached skill level 10 in Spellcasting
  6144 | D:6      | Found Husisiyl's Magic Scroll Boutique.
  6149 | D:6      | Bought a scroll of teleportation for 45 gold pieces
  6149 | D:6      | Bought a scroll of teleportation for 45 gold pieces
  6162 | D:6      | Noticed Sigmund
  6175 | D:6      | Killed Sigmund
  6261 | D:6      | Found a glowing drain.
  6280 | Sewer    | Entered a sewer
  6685 | Sewer    | Reached XP level 9. HP: 22/49 MP: 25/25
  7253 | D:6      | Found an ornate altar of the Wu Jian Council.
  7526 | D:6      | Found a bloodstained altar of Trog.
  7605 | D:6      | Reached skill level 11 in Spellcasting
  7605 | D:6      | Reached skill level 5 in Ice Magic
  8186 | D:6      | Noticed a green ugly thing
  8186 | D:6      | Noticed a boulder beetle
  8197 | D:6      | Demolished by a boulder beetle

Illustrated notes

Levels and vault maps discovered:
D:1:      heliophobic_arrival_ceremonial_halls, layout_loops_ring,
          hellmonk_ecumenical_altar_heavens_door
D:2:      layout_loops_ring, uniq_robin
D:3:      layout_rooms, patterned_corridor, uniq_terence
D:4:      layout_loops_ring, lemuel_mausoleum_altar_kikubaaqudgha,
          minmay_temple_entry_antechambers, nicolae_take_the_stairs,
          minmay_goblin_outpost, uniq_blork_the_orc
D:5:      layout_layer_cave, tso_altar, lemuel_crystal_altar,
          eat_drink_and_be_merry_uskayaw
D:6:      kennysheep_windowed_halls, layout_cave_pools,
          grunt_temple_overflow_open, serial_shops,
          nicolae_shop_advertising_works [nicolae_subvault_shop_adworks],
          cheibrodos_sewer_entry_bend, uniq_sigmund, uniq_menkaure
Temple:   zaba_magenta_temple

Skill      XL: |  1  2  3  4  5  6  7  8  9 |
---------------+----------------------------+-----
Spellcasting   | 5 6 7 9 10 11 | 11.7
Conjurations   | 2 3 4 5 6 |  6.4
Fighting       | 1 2 3 |  3.2
Armour         | 1 2 3 |  3.0
Stealth        | 3 |  3.0
Dodging        | 3 |  3.0
Air Magic      | 1 |  1.1
Alchemy        | 1 |  1.0
Ice Magic      | 1 3 4 5 |  5.6
Summonings     | |  1.1
Translocations | |  1.1

Action                     |  1- 3 |  4- 6 |  7- 9 || total
---------------------------+-------+-------+-------++-------
  Melee: Dagger            |    11 |    55 |   147 ||   213
   Cast: Magic Dart        |   120 |    90 |   238 ||   448
         Mephitic Cloud    |     1 |     8 |    26 ||    35
         Call Imp          |     1 |     2 |     1 ||     4
         Blink             |       |       |     3 ||     3
         Hailstorm         |       |       |     8 ||     8
   Stab: Confused          |     1 |     5 |    13 ||    19
 Armour: Robe              |    33 |    29 |    87 ||   149
  Dodge: Dodged            |    17 |    50 |    87 ||   154

Table legend: (Time is in decaauts)
 A = Elapsed time spent in this place.
 B = Non-inter-level travel time spent in this place.
 C = Inter-level travel time spent in this place.
 D = Time resting spent in this place.
 E = Time spent auto-exploring this place.
 F = Levels seen in this place.
 G = Mean time per level.
                   A        B        C        D        E       F      G
               +--------+--------+--------+--------+--------+-----+--------+
         Total |   8354 |   7887 |    467 |    314 |   6139 |   8 | 1044.2 |
       Dungeon |   7356 |   6889 |    467 |    310 |   5347 |   6 | 1226.0 |
        Temple |      1 |      1 |      0 |      0 |      0 |   1 |    1.0 |
         Sewer |    996 |    996 |      0 |      4 |    792 |   1 |  996.0 |
               +--------+--------+--------+--------+--------+-----+--------+

Top non-repeatable levels by time:
     D:5: 1724 daAuts
     D:4: 1209 daAuts
     D:1: 1196 daAuts
     D:2: 1183 daAuts
     D:6: 1021 daAuts
     D:3: 1020 daAuts
   Sewer: 996 daAuts
  Temple: 1 daAuts
